 Dungeon Crawl Stone Soup version 0.20.0-7-g3b7b877 (webtiles) character file.

37820 mopl the Arsonist (level 13, -4/72 HPs)
             Began as a Deep Elf Fire Elementalist on May 29, 2017.
             Was a High Priest of Vehumet.
             Slain by a spiny frog (24 damage)
             ... on level 5 of the Lair of Beasts.
             The game lasted 00:49:40 (16823 turns).

mopl the Arsonist (Deep Elf Fire Elementalist)     Turns: 16823, Time: 00:49:43

Health: -4/72      AC:  8    Str:  5    XL:     13   Next: 60%
Magic:  13/39      EV: 12    Int: 26    God:    Vehumet [*****.]
Gold:   925        SH:  0    Dex: 10    Spells: 2/34 levels left

rFire    + + .     SeeInvis .   a - staff of conjuration {!a}
rCold    . . .     Gourm    .   (no shield)
rNeg     . . .     Faith    .   R - +0 robe {rC+ rF+}
rPois    +         Spirit   .   X - +2 helmet
rElec    +         Reflect  .   G - +0 cloak
rCorr    .         Harm     .   s - +0 pair of gloves
MR       +....                  w - +0 pair of boots
Stlth    ++........             A - amulet of magic regeneration
Regen    0.3/turn               N - ring "Somm" {Fire rElec rPois Dex-5 Slay+3}
MPRegen  0.4/turn               v - ring of magical power

@: lethally poisoned (-4 -> -6)
A: no striking features
a: Renounce Religion


You were on level 5 of the Lair of Beasts.
You worshipped Vehumet.
Vehumet was extremely pleased with you.
You were not hungry.

You visited 3 branches of the dungeon, and saw 16 of its levels.
You also visited: Labyrinth and Ice Cave.

You collected 979 gold pieces.
You spent 54 gold pieces at shops.

Inventory:

Hand Weapons
 H - the +11 quarterstaff "Zetikk" {crush, +Blink +Fly rC+ Str+3}
   (You found it in a labyrinth)

   It inflicts extra damage upon your enemies.
   It affects your strength (+3).
   It protects you from cold.
   It lets you fly.
   It lets you blink.
Armour
 m - a +0 buckler
 s - a +0 pair of gloves (worn)
 w - a +0 pair of boots (worn)
 G - a +0 cloak (worn)
 R - a +0 robe of resistance (worn)
 X - a +2 helmet (worn)
Magical Staves
 a - an uncursed staff of conjuration (weapon) {!a}
 b - an uncursed staff of earth
 d - an uncursed staff of death
Jewellery
 o - an uncursed ring of see invisible
 v - a ring of magical power (right hand)
 A - an amulet of magic regeneration (around neck)
 N - the ring "Somm" (left hand) {Fire rElec rPois Dex-5 Slay+3}
   (You found it on level 7 of the Dungeon)

   [ring of fire]

   It enhances your fire magic.
   It affects your dexterity (-5).
   It affects your accuracy and damage with ranged weapons and melee attacks
   (+3).
   It protects you from fire.
   It makes you vulnerable to cold.
   It insulates you from electricity.
   It protects you from poison.
 Q - an uncursed ring of wizardry
 U - an uncursed ring of ice
Wands
 g - a wand of lightning (6/15)
 n - a wand of disintegration (13/24)
 F - a wand of iceblast (5/15)
 S - a wand of digging (6/24)
 V - a wand of confusion (7/48)
 W - a wand of enslavement (12/24)
Scrolls
 e - 4 scrolls of noise {unknown}
 h - a scroll of immolation {unknown}
 j - 4 scrolls of amnesia {unknown}
 k - 7 scrolls of remove curse
 l - 4 scrolls of fog {unknown}
 r - 8 scrolls of teleportation
 y - 5 scrolls of fear {unknown}
 z - 2 scrolls of recharging {unknown}
 B - 3 scrolls of magic mapping {unknown}
 E - 7 scrolls of enchant armour {unknown}
 J - 2 scrolls of random uselessness {unknown}
 L - 3 scrolls of enchant weapon {unknown}
Potions
 i - 2 potions of might
 p - a potion of agility
 q - 4 potions of lignification {unknown}
 t - 2 potions of invisibility
 x - a potion of resistance
 C - a potion of ambrosia
 D - a potion of magic {unknown}
 I - a potion of haste
 M - 2 potions of curing
 O - a potion of mutation {!q}
 T - 3 potions of brilliance {unknown}
 Y - a potion of flight
 Z - 2 potions of heal wounds
Books
 u - the Grimoire of the Flamy Mountains
   (You found it on level 3 of the Lair of Beasts)

   Spells                             Type                      Level
   a - Stone Arrow                    Conjuration/Earth            3
   b - Conjure Flame                  Conjuration/Fire             3
   c - Sticky Flame                   Conjuration/Fire             4
   d - Petrify                        Transmutation/Earth          4
   e - Bolt of Fire                   Conjuration/Fire             6
 P - a book of the Tempests

   Spells                             Type                      Level
   a - Static Discharge               Conjuration/Air              3
   b - Lightning Bolt                 Conjuration/Air              5
   c - Ignition                       Fire                         8
   d - Tornado                        Air                          9
   e - Shatter                        Earth                        9
Miscellaneous
 K - a crystal ball of energy
Comestibles
 c - 6 bread rations
 f - a chunk of flesh


   Skills:
 + Level 5.3 Fighting
 + Level 6.8 Staves
 - Level 2.4 Dodging
 - Level 2.4 Stealth
 + Level 11.4 Spellcasting
 * Level 13.1 Conjurations
 * Level 13.6 Fire Magic
 + Level 6.1 Earth Magic
 + Level 9.0 Evocations


You had 2 spell levels left.
You knew the following spells:

 Your Spells              Type           Power        Failure   Level  Hunger
a - Flame Tongue          Conj/Fire      #####        0%          1    None
b - Stone Arrow           Conj/Erth      ######       1%          3    None
c - Conjure Flame         Conj/Fire      ########     1%          3    None
d - Sticky Flame          Conj/Fire      ########     1%          4    None
e - Throw Flame           Conj/Fire      ######       0%          2    None
f - Fireball              Conj/Fire      ########..   1%          5    ###....
g - Throw Frost           Conj/Ice       ######       1%          2    None
h - Bolt of Magma         Conj/Fire/Erth ########..   1%          5    ###....
i - Apportation           Tloc           ##....       4%          1    None
j - Iron Shot             Conj/Erth      #######...   3%          6    #####..


Dungeon Overview and Level Annotations

Branches:
Dungeon (10/15)            Temple (1/1) D:4            Lair (5/6) D:9
 Shoals (0/4) Lair:2       Spider (0/4) Lair:2          Orc (0/2) D:10
  Slime: Lair:5-6

Altars:
Ashenzari
Cheibriados
Dithmenos
Elyvilon
Fedhas
Gozag
Hepliaklqana
Kikubaaqudgha
Makhleb
Nemelex Xobeh
Okawaru
Qazlal
Ru
Sif Muna
Trog
Uskayaw
Vehumet
Xom
Yredelemnul
Zin
The Shining One

Shops:
D:6 [   D:9 *

Annotations:
D:5 2 exclusions


Message History

Aim: a killer bee You feel a strong surge of power!
The sticky flame hits the killer bee.
The killer bee is lightly wounded.
The killer bee is covered in liquid flames!
The killer bee burns!
The killer bee stings you. The killer bee stings you!
You are poisoned.
The killer bee poisons you!
You feel sick.
The killer bee burns!
The killer bee closely misses you.
Casting: Sticky Flame
Confirm with . or Enter, or press ? or * to list all spells.
Aiming: Sticky Flame
Press: ? - help, Shift-Dir - straight line, f/p - killer bee
Aim: a killer bee (severely wounded, covered in liquid flames)
You feel a strong surge of power!
The sticky flame hits the killer bee.
You kill the killer bee!
Vehumet accepts your kill.
You feel your power returning. The spiny frog stings you!
* * * LOW HITPOINT WARNING * * *
The spiny frog stings you!!
You die...

#..# ..####.......###
[..[###.#.....#.P+#.# .
......#............# ..
#...#.............###
...#...................#
.....#.............#P.##
.......)...........+....
P.#.#..F..........>.#...
#†)@.....PP#.#######
#..†.###P.P.####
.....†.## #....## #
..†.).. #P....# ##
...†### ####.### ####.
..†. ##.PP.#.###.##..
..% ##....∩.....##... ..
#..........####..
#..........P##.#.


You could see a spiny frog.

Vanquished Creatures
  Gastronok (D:9)
  A frost giant (IceCv)
  A minotaur (Lab)
  3 hydras
  A two-headed ogre (D:7)
  5 death yaks
  3 wolf spiders (Lair:2)
  The ghost of stringdemon the Grappler, a novice VSTm of Vehumet (D:6)
  2 black mambas
  2 merfolk sirens (Lair:2)
  The ghost of George the Carver, a novice MiFi (D:5)
  A torpor snail (Lair:3)
  8 spiny frogs
  A rime drake (Lair:2)
  2 ice devils (Lair:1)
  A komodo dragon (Lair:2)
  A queen bee (Lair:5)
  2 merfolk (Lair:2)
  3 meliai (Lair:5)
  13 polar bears
  12 blink frogs
  2 hippogriffs
  A redback (Lair:2)
  A wyvern (D:8)
  38 yaks
  4 hogs (D:7)
  2 basilisks
  A human (D:7)
  4 water moccasins
  10 porcupines
  3 sky beasts
  An orc warrior (D:10)
  3 ice beasts
  A black bear (Lair:2)
  15 wolves
  3 ogres
  A phantom (D:6)
  2 centaurs
  7 crocodiles
  A big kobold (D:10)
  7 bullfrogs
  An earth elemental (Lab)
  A water moccasin zombie (D:7)
  6 scorpions
  21 killer bees (Lair:5)
  A crimson imp (D:6)
  6 howler monkeys
  2 bullfrog zombies
  7 hounds
  Crazy Yiuf (D:5)
  5 orc priests
  A gnoll shaman (D:7)
  A jelly (D:5)
  8 orc wizards
  2 bullfrog skeletons
  3 centaur skeletons
  3 iguanas
  8 worker ants
  2 hound zombies
  A worker ant zombie (D:5)
  10 gnolls
  A howler monkey skeleton (D:4)
  12 adders
  A shadow imp (D:7)
  12 white imps (Lair:3)
  An ooze (D:4)
  An adder skeleton (D:3)
  An adder zombie (D:9)
  A worm (D:6)
  3 dart slugs
  9 leopard geckos
  46 orcs
  2 ball pythons
  21 bats
  4 giant cockroaches
  9 goblins
  9 hobgoblins
  11 jackals
  12 kobolds
  5 quokkas
  4 frilled lizards
  A quokka skeleton (D:5)
  14 rats
442 creatures vanquished.

Vanquished Creatures (others)
  12 fungi
  A plant (Lair:5)
13 creatures vanquished.

Grand Total: 455 creatures vanquished

Notes
Turn   | Place    | Note
-------+----------+-------------------------------------------
     0 | D:1      | mopl the Deep Elf Fire Elementalist began the quest for the Orb.
     0 | D:1      | Reached XP level 1. HP: 10/10 MP: 6/6
   204 | D:1      | Reached XP level 2. HP: 9/15 MP: 4/8
   219 | D:1      | Learned a level 2 spell: Throw Flame
   563 | D:1      | Reached skill level 2 in Conjurations
   607 | D:1      | Reached XP level 3. HP: 19/19 MP: 1/9
   612 | D:1      | Learned a level 3 spell: Conjure Flame
   745 | D:1      | Reached skill level 4 in Fire Magic
  1059 | D:2      | Reached XP level 4. HP: 20/24 MP: 9/11
  1314 | D:2      | Reached skill level 3 in Conjurations
  1473 | D:2      | Learned a level 4 spell: Sticky Flame
  1729 | D:3      | Found a faded altar of an unknown god.
  1731 | D:3      | Reached skill level 4 in Spellcasting
  1750 | D:3      | Became a worshipper of Ru the Awakened
  1751 | D:3      | Fell from the grace of Ru
  2004 | D:3      | Reached XP level 5. HP: 28/28 MP: 10/13
  2373 | D:4      | Found a staircase to the Ecumenical Temple.
  2380 | Temple   | Entered the Ecumenical Temple
  2419 | Temple   | Became a worshipper of Vehumet
  2488 | D:4      | Reached skill level 5 in Fire Magic
  2515 | D:4      | Reached skill level 4 in Conjurations
  2569 | D:4      | Reached XP level 6. HP: 28/32 MP: 8/15
  3106 | D:4      | Reached skill level 5 in Spellcasting
  3523 | D:4      | Reached skill level 6 in Fire Magic
  3526 | D:4      | Reached skill level 5 in Conjurations
  3526 | D:4      | Reached XP level 7. HP: 36/36 MP: 3/16
  3927 | D:4      | Reached skill level 1 in Evocations
  4060 | D:4      | Reached * piety under Vehumet
  4060 | D:4      | Offered knowledge of Sandblast by Vehumet.
  4163 | D:5      | Entered Level 5 of the Dungeon
  4516 | D:5      | Reached skill level 2 in Evocations
  4642 | D:5      | Found a bloodstained altar of Trog.
  4643 | D:5      | Noticed a wizard
  4771 | D:5      | Found a runed door.
  4775 | D:5      | Noticed Crazy Yiuf
  4780 | D:5      | Killed Crazy Yiuf
  4986 | D:5      | Noticed George's ghost (novice MiFi)
  4995 | D:5      | Killed George's ghost
  4995 | D:5      | Reached skill level 6 in Conjurations
  4995 | D:5      | Reached skill level 7 in Fire Magic
  4995 | D:5      | Reached XP level 8. HP: 3/41 MP: 10/18
  5547 | D:6      | Reached skill level 6 in Spellcasting
  5558 | D:6      | Reached skill level 3 in Evocations
  5583 | D:6      | Found Damyggum's Armour Boutique.
  5590 | D:6      | Noticed stringdemon's ghost (novice VSTm)
  5859 | D:6      | Reached skill level 7 in Conjurations
  5932 | D:5      | Learned a level 5 spell: Fireball
  6103 | D:6      | Killed stringdemon's ghost
  6103 | D:6      | Offered knowledge of Throw Frost by Vehumet.
  6103 | D:6      | Reached skill level 8 in Fire Magic
  6180 | D:6      | Reached ** piety under Vehumet
  6323 | D:6      | Learned a level 2 spell: Throw Frost
  6328 | D:6      | Reached XP level 9. HP: 44/45 MP: 10/21
  6353 | D:6      | Bought a +0 helmet for 54 gold pieces
  6780 | D:7      | Reached skill level 4 in Evocations
  6822 | D:7      | Reached skill level 7 in Spellcasting
  6850 | D:7      | Reached skill level 8 in Conjurations
  6940 | D:7      | You fall through a shaft!
  6952 | D:8      | Reached skill level 9 in Fire Magic
  7007 | D:7      | Noticed a two-headed ogre
  7025 | D:7      | Killed a two-headed ogre
  7030 | D:7      | Got a warped glass ring
  7152 | D:7      | Identified the ring "Somm" {Fire rElec rPois Dex-5 Slay+3} (You found it on level 7 of the Dungeon)
  7550 | D:7      | Reached skill level 9 in Conjurations
  7551 | D:7      | Reached skill level 8 in Spellcasting
  7551 | D:7      | Reached skill level 5 in Evocations
  7553 | D:7      | Reached skill level 10 in Fire Magic
  7553 | D:7      | Reached XP level 10. HP: 45/50 MP: 13/24
  7911 | D:8      | Offered knowledge of Mephitic Cloud by Vehumet.
  8202 | D:8      | Reached skill level 1 in Staves
  8232 | D:8      | You fall through a shaft for 2 floors!
  8232 | D:10     | Entered Level 10 of the Dungeon
  8288 | D:10     | Reached *** piety under Vehumet
  8487 | D:9      | Reached skill level 1 in Fighting
  8708 | D:9      | Found Xuxithrin's General Store.
  8853 | D:9      | Found a staircase to the Lair.
  8858 | D:9      | Reached skill level 2 in Staves
  8988 | D:9      | Noticed Gastronok
  9001 | D:9      | Killed Gastronok
  9001 | D:9      | Reached skill level 2 in Fighting
  9001 | D:9      | Reached skill level 9 in Spellcasting
  9001 | D:9      | Reached skill level 10 in Conjurations
  9001 | D:9      | Reached skill level 11 in Fire Magic
  9001 | D:9      | Reached skill level 6 in Evocations
  9421 | D:10     | Reached skill level 3 in Staves
  9426 | D:10     | Reached XP level 11. HP: 39/57 MP: 26/26
  9433 | D:10     | Offered knowledge of Stone Arrow by Vehumet.
  9677 | D:10     | Found a staircase to the Orcish Mines.
  9703 | D:10     | Learned a level 3 spell: Stone Arrow
  9849 | D:10     | Reached **** piety under Vehumet
  9857 | D:10     | Reached skill level 1 in Earth Magic
  9876 | D:10     | Offered knowledge of Olgreb's Toxic Radiance by Vehumet.
 10287 | D:10     | Reached skill level 7 in Evocations
 10396 | Lair:1   | Entered Level 1 of the Lair of Beasts
 10541 | Lair:1   | Reached skill level 3 in Fighting
 10605 | Lair:1   | Found a frozen archway.
 10613 | Lair:1   | Reached skill level 2 in Earth Magic
 11127 | Lair:1   | Learned a level 5 spell: Bolt of Magma
 11129 | Lair:1   | Learned a level 1 spell: Apportation
 11433 | Lair:2   | Reached skill level 11 in Conjurations
 11444 | Lair:2   | Reached skill level 4 in Staves
 11499 | Lair:2   | Found a staircase to the Shoals.
 11631 | Lair:2   | Reached skill level 10 in Spellcasting
 11631 | Lair:2   | Reached skill level 3 in Earth Magic
 11868 | Lair:2   | Reached skill level 12 in Fire Magic
 11926 | Lair:2   | Got a twisted quarterstaff
 12014 | Lair:2   | Identified the +9 quarterstaff of Egygam {crush, *Drain rPois Int+2 Dex+2} (You found it on level 2 of the Lair of Beasts)
 12213 | Lair:2   | Noticed a wolf spider
 12216 | Lair:2   | Noticed a wolf spider
 12227 | Lair:2   | Killed a wolf spider
 12437 | Lair:2   | Reached XP level 12. HP: 66/66 MP: 25/28
 12458 | Lair:2   | Found a hole to the Spider Nest.
 12460 | Lair:2   | Reached skill level 5 in Staves
 12824 | Lair:3   | Reached ***** piety under Vehumet
 12842 | Lair:3   | Offered knowledge of Fulminant Prism by Vehumet.
 12845 | Lair:3   | Found a frozen archway.
 12912 | IceCv    | Entered an ice cave
 13215 | IceCv    | Reached skill level 4 in Fighting
 13531 | IceCv    | Reached skill level 4 in Earth Magic
 13581 | IceCv    | Noticed a death yak
 13595 | IceCv    | Killed a death yak
 13596 | IceCv    | Reached skill level 8 in Evocations
 13833 | IceCv    | Reached skill level 12 in Conjurations
 13931 | IceCv    | Noticed a frost giant
 13931 | IceCv    | Noticed a death yak
 13943 | IceCv    | Killed a death yak
 13945 | IceCv    | Killed a frost giant
 13948 | IceCv    | Reached skill level 5 in Earth Magic
 14226 | IceCv    | Reached skill level 13 in Fire Magic
 14543 | Lair:3   | Noticed an eight-headed hydra
 14677 | Lair:3   | Killed an eight-headed hydra
 14677 | Lair:3   | Reached skill level 6 in Staves
 14677 | Lair:3   | Reached XP level 13. HP: 72/72 MP: 23/29
 14745 | Lair:1   | Learned a level 6 spell: Iron Shot
 14849 | Lair:3   | Reached skill level 11 in Spellcasting
 15020 | Lair:3   | Found a runed door.
 15045 | Lair:3   | Identified the Grimoire of the Flamy Mountains
 15660 | Lair:4   | Reached skill level 5 in Fighting
 16130 | Lair:4   | Offered knowledge of Bolt of Cold by Vehumet.
 16329 | Lair:5   | Reached skill level 13 in Conjurations
 16330 | Lair:5   | Found a labyrinth entrance.
 16339 | Lab      | Entered a labyrinth
 16372 | Lab      | Found an exit through the horrors of the Abyss.
 16543 | Lab      | Noticed a minotaur
 16547 | Lab      | Killed a minotaur
 16547 | Lab      | Reached skill level 6 in Earth Magic
 16576 | Lab      | Got a smoking quarterstaff
 16577 | Lab      | Identified the +11 quarterstaff "Zetikk" {crush, +Blink +Fly rC+ Str+3} (You found it in a labyrinth)
 16599 | Lair:5   | Reached skill level 9 in Evocations
 16823 | Lair:5   | Slain by a spiny frog

Skill      XL: |  1  2  3  4  5  6  7  8  9 10 11 12 13 |
---------------+----------------------------------------+-----
Conjurations   | 2 3 4 5 6 7 9 10 11 12 13 | 13.1
Fire Magic     | 4 5 6 7 8 10 11 12 13 | 13.6
Spellcasting   | 4 5 6 8 9 10 11 | 11.4
Evocations     | 2 3 5 6 7 8 9 |  9.0
Staves         | 3 4 6 |  6.8
Fighting       | 2 3 4 5 |  5.3
Earth Magic    | 3 5 6 |  6.1
Dodging        | |  2.4
Stealth        | |  2.4

Action                   |  1- 3 |  4- 6 |  7- 9 | 10-12 | 13-15 || total
-------------------------+-------+-------+-------+-------+-------++-------
Melee: Whip              |    19 |   153 |       |       |       ||   172
       Staff             |       |       |   136 |   116 |       ||   252
 Cast: Flame Tongue      |    58 |    58 |   149 |   151 |    10 ||   426
       Sticky Flame      |       |     4 |    11 |    62 |    25 ||   102
       Conjure Flame     |       |     1 |    15 |    43 |     1 ||    60
       Throw Frost       |       |       |     6 |       |       ||     6
       Fireball          |       |       |     4 |    34 |    28 ||    66
       Bolt of Magma     |       |       |       |     3 |    12 ||    15
       Stone Arrow       |       |       |       |       |     9 ||     9
Invok: Renounce Religion |       |     1 |       |       |       ||     1
Evoke: Wand              |       |       |     3 |       |       ||     3
  Use: Potion            |     1 |       |       |     1 |       ||     2
       Scroll            |       |       |     6 |     6 |     1 ||    13
 Stab: Distracted        |     1 |       |       |       |       ||     1
       Sleeping          |       |     8 |     2 |     1 |       ||    11
       Held in net/web   |       |       |     1 |       |       ||     1
  Eat: Chunk             |       |     4 |    15 |    21 |     9 ||    49
       Bread ration      |       |     1 |       |     1 |       ||     2
       Royal jelly       |       |       |       |     2 |       ||     2
       Fruit             |       |       |       |       |     2 ||     2
Armor: Robe              |    12 |    41 |    79 |    64 |    13 ||   209
Dodge: Dodged            |    62 |   132 |   166 |   166 |    25 ||   551
